 Dungeon Crawl Stone Soup version 0.32-a0-433-g08bcfe7efd (webtiles) character file.

Game seed: 1218957878407713170

65 garrulousMonolith the Shield-Bearer (level 3, 0/3 HPs)
             Began as a Mountain Dwarf Fighter on Feb 22, 2024.
             Was an Initiate of Beogh.
             Slain by a bat (1 damage)
             ... on level 2 of the Dungeon.
             The game lasted 00:02:01 (1641 turns).

garrulousMonolith the Shield-Bearer (MDFi)          Turns: 1641, Time: 00:02:01

Health: 0/3        AC:  0    Str: 23    XL:     3   Next: 92%
Magic:  4/4        EV: 11    Int: 16    God:    Beogh [......]
Gold:   115        SH:  4    Dex: 12    Spells: 2/2 levels left

rFire   . . .        a - +0 war axe
rCold   . . .        c - +0 buckler
rNeg    . . .        b - melded +0 scale mail
rPois   .            (no helmet)
rElec   .            (no cloak)
rCorr   .            (no gloves)
SInv    .            (no boots)
Will    .....        (no amulet)
Stlth   +            j - +6 ring of intelligence
HPRegen 0.20/turn    (no ring)
MPRegen 0.09/turn

%: no passive effects
@: maw-form, flying
A: devouring maw, reduced hp, runic magic, artefact enchanting
a: Begin Untransformation, Renounce Religion


You were on level 2 of the Dungeon.
You worshipped Beogh.
Beogh was noncommittal.
You were a creature with a mouth for a stomach.
You visited 1 branch of the dungeon, and saw 2 of its levels.

You collected 115 gold pieces.

Inventory:

Hand Weapons
 a - a +0 war axe (weapon)
Missiles
 f - 2 throwing nets (quivered)
Armour
 b - a +0 scale mail (melded)
 c - a +0 buckler (worn)
Jewellery
 j - a +6 ring of intelligence (left hand)
Talismans
 p - the maw talisman of Omission (active) {Fly Str+5 Dex+3}
   (You found it on level 2 of the Dungeon)

   [maw talisman]

   Str+5:     It affects your strength (+5).
   Dex+3:     It affects your dexterity (+3).
   Fly:       It grants you flight.
Scrolls
 e - a scroll of identify
 i - a scroll of brand weapon {unknown}
 l - 2 scrolls of vulnerability {unknown}
 m - a scroll of fear {unknown}
 n - a scroll of immolation {unknown}
 q - a scroll of blinking {unknown}
Potions
 d - 3 potions of might
 g - a potion of haste
 h - a potion of attraction
 k - a potion of brilliance
 o - a potion of heal wounds {unknown}


   Skills:
 + Level 3.6 Fighting
 * Level 3.6 Axes
 + Level 3.6 Armour
 + Level 3.7 Shields
 + Level 1.5 Invocations


You had 2 spell levels left.
You didn't know any spells.
Your spell library contained the following spells:

 Spells                   Type           Power      Damage    Failure   Level
 Ozocubu's Armour         Ice            0%         N/A       65%         3
 Metabolic Englaciation   Hex/Ice        0%         N/A       100%        5
 Sculpt Simulacrum        Ice/Alch       0%         N/A       100%        6


Dungeon Overview and Level Annotations

Branches:
Dungeon (2/15)

Altars:


Innate Abilities, Weirdness & Mutations

You are a creature with a mouth for a stomach.
Your midsection houses a second, enormous mouth.
Your maximum health is decreased, since you lack skill for your form.
Your spellcasting is much less encumbered by armour.
You can use scrolls of enchantment on lesser artefacts.


Message History

You completely miss the adder.
The adder is almost dead.
You block the adder's attack. The adder barely misses you.
You hit the adder.
You kill the adder!
Beogh accepts your kill.
No target in view!
You see here an adder corpse.
You see here the maw talisman of Omission {Fly Str+5 Dex+3}.
n - a scroll labelled XUL REUPSEA
o - a viscous brown potion You see here the maw talisman of Omission {Fly Str+5 Dex+3}.
p - the maw talisman of Omission {Fly Str+5 Dex+3} You don't know any spells.
No target in view!
Okay, then.
You begin transforming.
You continue transforming. x3
You feel stronger.
You feel agile.
You fly up into the air.
You turn into a creature with a mouth for a stomach.
Your +0 scale mail melds into your body.
Found a mace.
As you open the door, it creaks loudly!
No target in view!
There is an open door here.
You reach down and open the door.
There is an open door here.
q - a scroll labelled GAUNTA EPSYCRO
Found a stone staircase leading down.
d - 3 potions of might (gained 1)
You see here a +0 dagger.
There is an open door here.
There is an open door here.
A bat comes into view.
You block the bat's attack. You block the bat's attack.
You barely miss the bat. Your bite misses the bat. The bat hits you.
You are too injured to fight recklessly!
You closely miss the bat. Your bite misses the bat. The bat hits you. x2
You die...

...###.# #.# ##'## # .......# #.#
##...## # ##>##### #.##
##.....### #..## ####..###
##.......##
##...########.......###.........#
......................÷.........'
##...########.##....###.........#
#..## #.##..#.# ##.......## #.##
#.#.W##.# ##.....## #.# #.#b###.#
##...## #[# #.#. #.# ##+## #.####
#.#. #.# #.÷..# #... ... #####.#
#. ......# .. ####..# #. .###..#


You could see a bat.

Vanquished Creatures
  2 adders (D:2)
  An orc (D:2)
  4 endoplasms (D:1)
  2 giant cockroaches (D:2)
  7 hobgoblins
  4 jackals (D:2)
  A quokka (D:1)
  2 ball pythons (D:1)
  2 bats (D:1)
  7 goblins
  6 kobolds
  A rat (D:1)
39 creatures vanquished.

Vanquished Creatures (others)
  A kobold (D:2)
1 creature vanquished.

Grand Total: 40 creatures vanquished

Notes
Turn   | Place    | Note
-------+----------+-------------------------------------------
     0 | D:1      | garrulousMonolith the Mountain Dwarf Fighter began the
                  | quest for the Orb.
     0 | D:1      | Reached XP level 1. HP: 19/19 MP: 1/1
   212 | D:1      | Reached XP level 2. HP: 24/26 MP: 2/2
   311 | D:1      | Reached skill level 1 in Invocations
   424 | D:1      | Found a faded altar of an unknown god.
   783 | D:2      | Became a worshipper of Beogh the Shepherd
   830 | D:2      | Reached XP level 3. HP: 29/31 MP: 3/3
  1393 | D:2      | Identified the maw talisman of Omission {Fly Str+5 Dex+3}
  1641 | D:2      | Slain by a bat

Illustrated notes

Levels and vault maps discovered:
D:1:      dreamdust_arrival_beginning_and_end, layout_loops_ring,
          nicolae_ecumenical_lake_church, amcnicky_mini_pool_small,
          minmay_tetromino_i2
D:2:      layout_loops_corners

Skill      XL: |  1  2 |
---------------+-------+-----
Axes           | 3 |  3.6
Invocations    | 1 |  1.5
Fighting       | |  3.6
Armour         | |  3.6
Shields        | |  3.7

Action                     || total
---------------------------++-------
  Melee: War axe           ||   122
 Invoke: Convert to Beogh  ||     1
    Use: Scroll            ||     4
 Armour: Scale mail        ||    94
         Skin              ||     3
  Dodge: Dodged            ||    62
  Block: Buckler           ||    34
   Form: Maw               ||     1

Table legend: (Time is in decaauts)
 A = Elapsed time spent in this place.
 B = Non-inter-level travel time spent in this place.
 C = Inter-level travel time spent in this place.
 D = Time resting spent in this place.
 E = Time spent auto-exploring this place.
 F = Levels seen in this place.
 G = Mean time per level.
                   A        B        C        D        E       F      G
               +--------+--------+--------+--------+--------+-----+--------+
         Total |   1689 |   1641 |     48 |      6 |   1310 |   2 |  844.5 |
       Dungeon |   1689 |   1641 |     48 |      6 |   1310 |   2 |  844.5 |
               +--------+--------+--------+--------+--------+-----+--------+

Top non-repeatable levels by time:
     D:2: 888 daAuts
     D:1: 801 daAuts
